Match 46869991
Unlisted

Match 46869991
End
Construct Infanterie Kompanie
Pioneer Squad
Selects Breakthrough Battlegroup
MG 42 Machine Gun Team
Grenadier Squad
Selects Assault Grenadiers
Grenadier Squad
Grenadier Squad
Infanterie Officer Quarters
Construct Luftwaffe Kompanie
221 Scout Car
Selects Rapid Production
Flak 30 Anti-aircraft Gun Team
Selects Smoke Bombing Run
Selects Incendiary Bombing Run
GrW 34 Mortar Team
Angrybirds
Demi
帝国大机霸贝克尔少校
aSIIDemolitionHammer
0
0

Comments sign in to comment!

No comments posted yet!